 Dungeon Crawl Stone Soup version 0.30-a0-778-g2ef04af (webtiles) character file.

Game seed: 792555843654195257

97 malesh the Conjurer (level 4, 0/18 (26) HPs)
             Began as a Tengu Reaver on Feb 15, 2023.
             Slain by a gnoll
             ... wielding a +0 whip
              (5 damage)
             ... on level 2 of the Dungeon.
             The game lasted 00:07:21 (1466 turns).

malesh the Conjurer (Tengu Reaver)                  Turns: 1466, Time: 00:07:22

HP:   0/18 (26)     AC:  3    Str: 12    XL:     4   Next: 68%
MP:   8/8           EV: 12    Int: 14    God:
Gold: 64            SH:  0    Dex: 14    Spells: 1/7 levels left

rFire   . . .      SeeInvis .    a - +0 falchion
rCold   . . .      Faith    .    (no shield)
rNeg    . . .      Spirit   .    b - +0 leather armour
rPois   .          Reflect  .    (helmet restricted)
rElec   .          Harm     .    (no cloak)
rCorr   .          Rampage  .    (no gloves)
Will    .....                    (boots unavailable)
Stlth   +                        j - amulet of regeneration
HPRegen 1.03/turn                k - ring of flight
MPRegen 0.11/turn                (no ring)

@: flying, very heavily drained
A: beak, talons 3
a: no special abilities


You were on level 2 of the Dungeon.
You visited 1 branch of the dungeon, and saw 2 of its levels.

You collected 64 gold pieces.

Inventory:

Hand Weapons
 a - a +0 falchion (weapon)
Missiles
 l - a throwing net
Armour
 b - a +0 leather armour (worn)
Jewellery
 j - an amulet of regeneration (around neck)
 k - a ring of flight (left hand)
Scrolls
 e - a scroll of fear {unknown}
 h - a scroll of noise {unknown}
 m - 3 scrolls of acquirement {unknown}
 p - a scroll of fog {unknown}
 q - a scroll of summoning {unknown}
 s - 2 scrolls of immolation {unknown}
Potions
 c - a potion of heal wounds {unknown}
 d - a potion of mutation {unknown}
 f - 2 potions of lignification {unknown}
 g - a potion of curing {unknown}
 i - a potion of brilliance {unknown}
 n - a potion of flight {unknown}
 o - 2 potions of ambrosia {unknown}
 r - a potion of cancellation {unknown}


   Skills:
 + Level 2.2 Fighting
 + Level 4.4 Long Blades
 + Level 1.0 Armour
 + Level 2.9 Dodging
 + Level 2.3 Spellcasting
 + Level 4.5 Conjurations


You had one spell level left.
You knew the following spells:

 Your Spells              Type           Power      Damage    Failure   Level
a - Kiss of Death         Conj/Necr      32%        2d7       12%         1
b - Momentum Strike       Conj/Tloc      16%        3d8       17%         2
c - Hailstorm             Conj/Ice       8%         3d4       34%         3

Your spell library contained the following spells:

 Spells                   Type           Power      Damage    Failure   Level


Dungeon Overview and Level Annotations

Branches:
Dungeon (2/15)

Altars:
Xom


Innate Abilities, Weirdness & Mutations

You have a beak for a mouth.
You have claws for feet.


Message History

The gnoll shouts! x2
You closely miss the gnoll. Your peck misses the gnoll.
The gnoll closely misses you.
You hit the gnoll.
The gnoll is heavily wounded.
The gnoll hits you with a +0 club.
You hit the gnoll.
The gnoll is almost dead.
The gnoll hits you with a +0 club.
You hit the gnoll.
You kill the gnoll!
The gnoll barely misses you.
Your Armour skill increases to level 1!
You hit the gnoll. You claw the gnoll, but do no damage.
The gnoll is moderately wounded.
The gnoll hits you with a +0 whip. The gnoll barely misses you.
You are too injured to fight recklessly!
You closely miss the gnoll. You claw the gnoll. Your peck misses the gnoll.
The gnoll is moderately wounded.
The gnoll hits you with a +0 whip! The gnoll barely misses you.
Casting: Kiss of Death (safe; 12% risk of failure)
Confirm with . or Enter, or press ? or * to list all spells.
Aiming: Kiss of Death (safe; 12% risk of failure)
Press: ? - help, Shift-Dir - straight line, f - gnoll
Aim: a gnoll, wielding a +0 whip (moderately wounded, 100% to hit)
The negative energy hits the gnoll.
The gnoll is drained!
The gnoll is almost dead.
You feel drained. The gnoll hits you with a +0 whip.
The gnoll hits you from afar with a +0 spear!
* * * LOW HITPOINT WARNING * * *
Okay, then.
Okay, then.
The gnoll attacks as you move away! The gnoll barely misses you.
The gnoll attacks as you move away! The gnoll completely misses you.
The gnoll attacks as you move away! The gnoll hits you but does no damage.
The gnoll attacks as you move away! The gnoll hits you with a +0 whip.
* * * LOW HITPOINT WARNING * * *
The gnoll attacks as you move away! The gnoll misses you.
The gnoll attacks as you move away! The gnoll hits you with a +0 whip.
You die...

##### #.@g###
#.#.g.####
#.###....####
#.#
####....####...
##.#
###..)......
#>.# #......$..
#.## #.........
#†# #.........
##.# ##########


You could see 2 gnolls.

Vanquished Creatures
  Robin (D:2)
  A gnoll (D:2)
  2 adders (D:2)
  2 worms (D:2)
  A dart slug (D:2)
  An endoplasm (D:1)
  A giant cockroach (D:2)
  15 goblins
  9 hobgoblins
  3 ball pythons
  5 frilled lizards
  5 kobolds
  5 rats
51 creatures vanquished.

Notes
Turn   | Place    | Note
-------+----------+-------------------------------------------
     0 | D:1      | malesh the Tengu Reaver began the quest for the Orb.
     0 | D:1      | Reached XP level 1. HP: 12/12 MP: 4/4
   190 | D:1      | Reached XP level 2. HP: 15/17 MP: 6/6
   208 | D:1      | Found a faded altar of an unknown god.
   212 | D:1      | Learned a level 2 spell: Momentum Strike
   851 | D:2      | Reached XP level 3. HP: 18/21 MP: 7/7
  1131 | D:2      | Learned a level 3 spell: Hailstorm
  1158 | D:2      | Found a shimmering altar of Xom.
  1172 | D:2      | Reached XP level 4. HP: 26/26 MP: 8/8
  1173 | D:2      | Noticed Robin
  1273 | D:2      | Killed Robin
  1454 | D:2      | Reached skill level 1 in Armour
  1466 | D:2      | Slain by a gnoll

Illustrated notes

Levels and vault maps discovered:
D:1:      nicolae_arrival_washed_ashore, layout_basic,
          hellmonk_ecumenical_altar_heavens_door, minmay_surrounded
D:2:      layout_rooms, basic_altar, nrook_uturn, minmay_diced_spiral,
          uniq_robin

Skill      XL: |  1  2  3  4 |
---------------+-------------+-----
Long Blades    | 4 |  4.4
Armour         | 1 |  1.0
Fighting       | |  2.2
Dodging        | |  2.9
Spellcasting   | |  2.3
Conjurations   | |  4.5

Action                     |  1- 3 |  4- 6 || total
---------------------------+-------+-------++-------
  Melee: Falchion          |    56 |    47 ||   103
         Kick              |     9 |    18 ||    27
         Peck              |     8 |     6 ||    14
   Cast: Momentum Strike   |     1 |       ||     1
         Kiss of Death     |       |     2 ||     2
 Armour: Leather armour    |     7 |    15 ||    22
  Dodge: Dodged            |    19 |    44 ||    63

Table legend: (Time is in decaauts)
 A = Elapsed time spent in this place.
 B = Non-inter-level travel time spent in this place.
 C = Inter-level travel time spent in this place.
 D = Time resting spent in this place.
 E = Time spent auto-exploring this place.
 F = Levels seen in this place.
 G = Mean time per level.
                   A        B        C        D        E       F      G
               +--------+--------+--------+--------+--------+-----+--------+
         Total |   1475 |   1421 |     54 |      0 |   1076 |   2 |  737.5 |
       Dungeon |   1475 |   1421 |     54 |      0 |   1076 |   2 |  737.5 |
               +--------+--------+--------+--------+--------+-----+--------+

Top non-repeatable levels by time:
     D:1: 860 daAuts
     D:2: 615 daAuts
